 Dungeon Crawl Stone Soup version 0.31-a0-232-gb1c03b2570 (webtiles) character file.

Game seed: 7105568581141922672

32 qw the Shooter (level 3, -2/21 HPs)
             Began as a Gargoyle Hexslinger on July 6, 2023.
             Slain by Jessica
             ... wielding a +4 spectral club
              (4 damage)
             ... on level 2 of the Dungeon.
             The game lasted 00:00:14 (669 turns).

qw the Shooter (Gargoyle Hexslinger)                 Turns: 669, Time: 00:00:14

Health: -2/21      AC:  9    Str: 11    XL:     3   Next: 25%
Magic:  4/4        EV: 10    Int: 13    God:
Gold:   45         SH:  0    Dex: 14    Spells: 3/4 levels left

rFire   . . .        Y - +1 sling
rCold   . . .        (no shield)
rNeg    + . .        d - +0 ring mail
rPois   inf          (no helmet)
rElec   +            (no cloak)
rCorr   .            (no gloves)
SInv    .            h - +0 pair of boots
Will    +....        (no amulet)
Stlth   +            e - ring of willpower
HPRegen 0.23/turn    (no ring)
MPRegen 0.09/turn

%: no passive effects
@: no status effects
A: sickness immunity, AC +3, negative energy resistance 1, electricity
resistance, torment resistance 1, petrification resistance
a: no special abilities


You were on level 2 of the Dungeon.
You visited 1 branch of the dungeon, and saw 2 of its levels.

You collected 45 gold pieces.


Innate Abilities, Weirdness & Mutations

You are immune to sickness and miasma.
Your stone body is resilient. (AC +3)
You are immune to poison.
You resist negative energy. (rN+)
You are resistant to electric shocks. (rElec)
You are resistant to unholy torment.
You are immune to petrification.


   Skills:
 - Level 2.0 Fighting
 - Level 3.2 Ranged Weapons
 + Level 0.0 Armour
 - Level 1.5 Dodging
 - Level 1.0 Spellcasting
 - Level 2.6 Hexes


You had 3 spell levels left.
You knew the following spells:

 Your Spells              Type           Power      Damage    Failure   Level
a - Slow                  Hex            28%        N/A       22%         1

Your spell library contained the following spells:

 Spells                   Type           Power      Damage    Failure   Level
 Inner Flame              Hex/Fire       4%         N/A       75%         3
 Portal Projectile        Hex/Tloc       8%         N/A       75%         3
 Cause Fear               Hex            3%         N/A       92%         4

Inventory:

Hand Weapons
 Y - a +1 sling (weapon)
Armour
 d - a +0 ring mail (worn)
 h - a +0 pair of boots (worn)
Jewellery
 e - a ring of willpower (left hand)
Potions
 g - a potion of haste {unknown}

Dungeon Overview and Level Annotations

Branches:
Dungeon (2/15)

Altars:

Shops:
D:1 [:

Annotations:
D:2 Jessica


Message History

636 ||| UPGRADING to ring of willpower.
e - a ring of willpower (left hand) Done exploring.
637 ||| READING scroll labelled SOEBAG AW WIME.
As you read the scroll labelled SOEBAG AW WIME, it crumbles to dust.
It is a scroll of amnesia.
Really abort (and waste the scroll)?
Done exploring.
638 ||| DROPPING scroll of poison.
You drop a scroll of poison.
Done exploring.
(D) Dungeon
Where to? (* - list waypoints, ? - help)
What level of the Dungeon? (default 1, ? - help)
You see here a bat skeleton.
You see here a rat skeleton.
There is a stone staircase leading down here.
You climb downwards.
Jessica shouts!
You hear a shout!
Found a viscous grey potion and 3 stones.
There is a stone staircase leading up here.
Jessica is nearby!
Waypoint 1 assigned to D:2.
You shoot a sling bullet. The sling bullet barely misses Jessica.
Jessica gestures wildly while chanting.
Jessica seems to speed up.
You shoot a sling bullet.
The sling bullet hits Jessica but does no damage.
You shoot a sling bullet. The sling bullet hits Jessica.
Jessica is moderately wounded.
Jessica hits you with a +4 spectral club.
The +4 spectral club hits you. Jessica closely misses you.
The +4 spectral club hits you but does no damage.
A rat comes into view.
A kobold comes into view. It is wielding a +0 club.
A +4 spectral club comes into view.
669 ||| STAIRDANCE Jessica hits you with a +4 spectral club!
The +4 spectral club hits you.
Jessica hits you with a +4 spectral club.
You die... #.. #rK

#..
#(.
#..
#..
#.@##
#.(@#
##!.#
#..#
#..#
#..#
....
...#
##.##


You could see a +4 spectral club, Jessica (fast), a kobold and a rat.

Vanquished Creatures
  A gnoll (D:1)
  A dart slug (D:1)
  4 endoplasms (D:1)
  A goblin (D:1)
  3 hobgoblins (D:1)
  2 jackals (D:1)
  A kobold (D:1)
  A ball python (D:1)
  A bat (D:1)
  2 frilled lizards (D:1)
  2 rats (D:1)
19 creatures vanquished.

Notes
Turn   | Place    | Note
-------+----------+-------------------------------------------
     0 | D:1      | qw the Gargoyle Hexslinger began the quest for the Orb.
     0 | D:1      | Reached XP level 1. HP: 12/12 MP: 2/2
     0 | D:1      | 0 ||| qw: Version: 0.3-a-46-gb1f654a
     0 | D:1      | 0 ||| qw: Game counter: 2036
     0 | D:1      | 0 ||| qw: Melee chars always use a shield: true
     0 | D:1      | 0 ||| qw: God list: Okawaru
     0 | D:1      | 0 ||| qw: Allow faded altars: false
     0 | D:1      | 0 ||| qw: Do Orc after clearing Dungeon:15 true
     0 | D:1      | 0 ||| qw: Do second Lair branch before Depths: true
     0 | D:1      | 0 ||| qw: Lair rune preference: random
     0 | D:1      | 0 ||| qw: Goals: Normal
     0 | D:1      | 0 ||| PLANNING D:1-11
    56 | D:1      | Reached skill level 3 in Ranged Weapons
    56 | D:1      | Reached XP level 2. HP: 12/16 MP: 3/3
   133 | D:1      | Found Xiptyosi's Vocational Training.
   306 | D:1      | Reached XP level 3. HP: 21/21 MP: 4/4
   307 | D:1      | Found Ahydas's Antique Armour Shop.
   312 | D:1      | 312 ||| SHOPLISTING helmet (126 gold, have 18).
   312 | D:1      | 312 ||| SHOPLISTING pair of embroidered gloves (210 gold,
                  | have 18).
   312 | D:1      | 312 ||| SHOPLISTING pair of gloves (126 gold, have 18).
   312 | D:1      | 312 ||| SHOPLISTING quicksilver dragon scales (1680 gold,
                  | have 18).
   620 | D:1      | 620 ||| UPGRADING to +0 ring mail.
   630 | D:1      | 630 ||| DROPPING +0 robe.
   631 | D:1      | 631 ||| UPGRADING to +0 pair of boots.
   636 | D:1      | 636 ||| UPGRADING to ring of willpower.
   637 | D:1      | 637 ||| READING scroll labelled SOEBAG AW WIME.
   638 | D:1      | 638 ||| DROPPING scroll of poison.
   665 | D:2      | Noticed Jessica
   669 | D:2      | 669 ||| STAIRDANCE
   669 | D:2      | HP: 2/21 [+4 spectral club[Jessica] (4)]
   669 | D:2      | Slain by Jessica

Levels and vault maps discovered:
D:1:      mainiacjoe_arrival_reflecting_pool, layout_loops_cross, serial_shops,
          shop, nicolae_shop_vocational
D:2:      layout_loops_ring, shapermc_ecumenical_altar_totnotflames,
          uniq_jessica, uniq_natasha, uniq_robin

Skill      XL: |  1  2 |
---------------+-------+-----
Ranged Weapons | 3 |  3.2
Fighting       | 2 |  2.0
Dodging        | |  1.5
Spellcasting   | |  1.0
Hexes          | |  2.6

Action                     || total
---------------------------++-------
   Fire: Sling             ||    55
    Use: Scroll            ||     1
 Armour: Robe              ||     4
         Ring mail         ||     1
  Dodge: Dodged            ||    19

Table legend:
 A = Non-vault XP
 B = Vault XP
 C = Vault XP percentage of total XP
 D = Non-vault monster count
 E = Vault monster count
 F = Vault count percentage of total count
                 A         B        C        D         E       F
            +---------+---------+-------+---------+---------+-------
      Total |      46 |       0 |   0.0 |      19 |       0 |   0.0
            +---------+---------+-------+---------+---------+-------
        D:1 |      46 |       0 |   0.0 |      19 |       0 |   0.0
            +---------+---------+-------+---------+---------+-------
